 Dungeon Crawl Stone Soup version 0.31-b1-17-gcfd88c8481 (webtiles) character file.

Game seed: 7332522416467655077

6955 NotreDorf the Thaumaturge (level 10, -11/63 HPs)
             Began as a Mummy Alchemist on Jan 15, 2024.
             Was a High Priest of Vehumet.
             Killed from afar by an oklob plant (16 damage)
             ... with a splash of acid
             ... on level 10 of the Dungeon on Jan 16, 2024.
             The game lasted 00:58:45 (10732 turns).

NotreDorf the Thaumaturge (Mummy Alchemist)        Turns: 10732, Time: 00:58:45

Health: -11/63     AC: -1    Str: 12    XL:     10   Next: 80%
Magic:  23/23      EV: 16    Int: 18    God:    Vehumet [*****.]
Gold:   464        SH:  5    Dex: 19    Spells: 6/27 levels left

rFire   x . .        u - +9 sword of Zonguldrok {reap}
rCold   + . .        (no shield)
rNeg    + + +        D - +2 robe {Will+}
rPois   ∞            b - +0 helmet
rElec   .            l - +0 cloak
rCorr   .            (no gloves)
SInv    .            r - +0 pair of boots
Will    ++...        p - amulet of reflection
Stlth   ++           v - +6 ring of dexterity
HPRegen 0.30/turn    y - ring of wizardry
MPRegen 0.18/turn

%: reflection, faith, wizardry (x1)
@: corroded
A: cold resistance 1, negative energy resistance 3, torment resistance 2, heat
vulnerability 1, in touch with death 1, no potions, faith
a: Renounce Religion


You were on level 10 of the Dungeon.
You worshipped Vehumet.
Vehumet was extremely pleased with you.
You visited 1 branch of the dungeon, and saw 10 of its levels.

You collected 639 gold pieces.
You spent 175 gold pieces at shops.

Inventory:

Hand Weapons
 n - the +4 hammer of Unugy {flame, Fly rF+}
   (You found it on level 4 of the Dungeon)

   rF+:       It protects you from fire.
   Fly:       It grants you flight.
 u - the +9 sword of Zonguldrok (weapon) {reap}
   (You found it on level 6 of the Dungeon)
Armour
 b - a +0 helmet (worn)
 c - an orb of energy
 l - a +0 cloak (worn)
 r - a +0 pair of boots (worn)
 C - a +2 robe of fire resistance
 D - a +2 robe of willpower (worn)
Jewellery
 e - an amulet of the acrobat
 p - an amulet of reflection (around neck)
 v - a +6 ring of dexterity (left hand)
 y - a ring of wizardry (right hand)
Wands
 o - a wand of iceblast (13)
 q - a wand of flame (20)
 t - a wand of polymorph (17)
 w - a wand of acid (4)
Scrolls
 d - 5 scrolls of amnesia
 g - 3 scrolls of revelation
 i - 4 scrolls of blinking
 j - 7 scrolls of teleportation
 k - 3 scrolls of enchant weapon
 s - a scroll of torment {unknown}
 x - a scroll of fog
 z - 4 scrolls of identify
 A - a scroll of silence {unknown}
 B - a scroll of acquirement {unknown}


   Skills:
 + Level 6.4 Dodging
 - Level 1.5 Stealth
 + Level 9.3 Spellcasting
 + Level 6.2 Conjurations
 + Level 6.1 Air Magic
 + Level 6.7 Alchemy


You had 6 spell levels left.
You knew the following spells:

 Your Spells              Type           Power      Damage    Failure   Level
a - Sting                 Conj/Alch      100%       1d9       1%          1
b - Mercury Vapours       Alch/Air       62%        N/A       1%          2
c - Mephitic Cloud        Conj/Alch/Air  31%        N/A       1%          3
d - Swiftness             Air            30%        N/A       1%          3
e - Ignite Poison         Fire/Alch      20%        N/A       2%          4
f - Olgreb's Toxic Radia  Alch           32%        N/A       1%          4
g - Sticky Flame          Fire/Alch      20%        2d6       2%          4

Your spell library contained the following spells:

 Spells                   Type           Power      Damage    Failure   Level
 Eringya's Noxious Bog    Alch           16%        4d6       9%          6
 Shock                    Conj/Air       100%       1d9       1%          1
 Cigotuvi's Dreadful Rot  Necr/Alch/Air  70%        N/A       1%          2
 Airstrike                Air            15%        2d(3-19)  1%          4
 Apportation              Tloc           16%        N/A       3%          1
 Necrotise                Necr           48%        1d6       3%          1
 Summon Small Mammal      Summ           32%        N/A       3%          1
 Freezing Cloud           Conj/Ice/Air   11%        6-21      4%          5
 Chain Lightning          Conj/Air       15%        3d20      99%         9
 Fire Storm               Conj/Fire      9%         8d3       99%         9
 Shatter                  Erth           4%         3d7*      99%         9


Dungeon Overview and Level Annotations

Branches:
Dungeon (10/15)            Temple (0/1) D:5            Lair (0/5) D:10
    Orc (0/2) D:9

Altars:
Cheibriados
Fedhas
Kikubaaqudgha
Makhleb
Sif Muna
Trog
Uskayaw
Vehumet
Wu Jian

Shops:
D:3 =   D:7 *

Annotations:
D:4 1 runed translucent door, Crazy Yiuf
D:10 exclusion: oklob plant


Innate Abilities, Weirdness & Mutations

You are immune to poison.
Your flesh is cold resistant. (rC+)
You are immune to negative energy. (rN+++)
You are immune to unholy pain and torment.
You are vulnerable to heat. (rF-)
You are in touch with the powers of death.
You do not drink.
You have a special connection with the divine. (Faith)


Message History

The yak is heavily wounded.
The yak gores you.
Your yak zombie closely misses the yak.
The yak misses you.
You barely miss the yak.
The yak is heavily wounded.
Your yak zombie gores the yak.
The yak gores your yak zombie!
You slice the yak!!
You kill the yak!
Vehumet accepts your kill.
You see here a yak corpse.
HP restored.
You swap places.
Found a stone staircase leading down.
Found a dagger.
Found a staircase to the Lair.
An oklob plant comes into view.
Marking area around an oklob plant as unsafe for travelling.
Found a golden potion.
The oklob plant spits acid at you. The splash of acid hits you.
The acid corrodes you!
You hit the oklob plant.
The oklob plant is lightly damaged.
The oklob plant spits acid at you. The splash of acid hits you!!
Your yak zombie gores the plant.
The plant begins to die.
You slash the oklob plant!
The oklob plant is moderately damaged.
The oklob plant spits acid at you. The splash of acid hits you!
The acid corrodes you!
Your yak zombie gores the plant!
You slash the oklob plant!
The oklob plant is heavily damaged.
Your yak zombie gores the plant.
You slash the oklob plant!
The oklob plant is severely damaged.
A nearby plant withers and dies.
The oklob plant spits acid at you. The splash of acid hits you!!
* * * LOW HITPOINT WARNING * * *
The oklob plant spits acid at you. The splash of acid hits you!
You die...

##.##....#.........#...#
##......##..#...####...#
#..##......#....##....#.
#...##......#.#.##.......
#..............Z.........
..##....##....###.....>..
.. .....#..#...≈.Z.#.....
. .......#..#...#..#....
.......#.##.Z@##.# .## ..
#...PPPP..# # #≈.PP>P..≈#
#).PPPPP..# #.##P.P##.#
#. #...# .# . ..≈.. .
..###. !#


You could see an oklob plant (ally target) and 2 friendly yak zombies.

Vanquished Creatures
  Erica (D:8)
  Jeremiah (D:7)
  A troll (D:9)
  A shadow (D:10)
  4 yaks (D:10)
  A wyvern (D:9)
  Edmund (D:5)
  A water moccasin (D:8)
  4 ogres
  A sky beast (D:7)
  2 phantoms (D:6)
  2 centaurs
  4 bullfrogs
  2 scorpions
  2 necrophages (D:4)
  A water moccasin zombie (D:4)
  8 wights
  9 killer bees
  2 howler monkeys
  A bombardier beetle (D:4)
  A bullfrog zombie (D:4)
  A jelly (D:6)
  3 hounds
  2 gnoll boudas
  A human zombie (D:4)
  3 orc priests
  A bullfrog skeleton (D:4)
  Natasha (twice) (D:2)
  2 iguanas
  5 orc wizards
  A scorpion zombie (D:4)
  3 hound zombies (D:4)
  A hound skeleton (D:4)
  20 gnolls
  A howler monkey skeleton (D:4)
  6 adders
  3 white imps
  A dart slug (D:1)
  4 ribbon worms
  26 orcs
  5 ball pythons
  4 endoplasms
  4 giant cockroaches
  5 hobgoblins
  2 jackals (D:5)
  4 quokkas
  3 bats
  4 frilled lizards
  16 goblins
  10 kobolds
  An orc zombie (D:10)
  A rat (D:3)
195 creatures vanquished.

Vanquished Creatures (collateral kills)
  Maurice (D:8)
  A vampire (D:9)
  2 yaks (D:10)
  A centaur (D:9)
  A kobold brigand (D:7)
  A bullfrog (D:8)
  A gnoll sergeant (D:9)
  A wyvern zombie (D:9)
  8 killer bees
  2 jellies
  An orc wizard (D:9)
  2 gnolls (D:9)
  A white imp (D:7)
  An orc (D:9)
  3 kobolds (D:7)
27 creatures vanquished.

Vanquished Creatures (others)
  A bullfrog zombie (D:7)
  2 centaur zombies (D:9)
  2 killer bee zombies (D:9)
  An ogre zombie (D:7)
  A sky beast zombie (D:7)
  A hound zombie (D:7)
  An orc zombie (D:10)
  A gnoll zombie (D:7)
10 creatures vanquished.

Grand Total: 232 creatures vanquished

Notes
Turn   | Place    | Note
-------+----------+-------------------------------------------
     0 | D:1      | NotreDorf the Mummy Alchemist began the quest for the Orb.
     0 | D:1      | Reached XP level 1. HP: 13/13 MP: 4/4
   288 | D:1      | Reached skill level 1 in Conjurations
   325 | D:1      | Reached XP level 2. HP: 19/19 MP: 1/5
   463 | D:1      | Reached skill level 3 in Spellcasting
   945 | D:1      | Reached XP level 3. HP: 24/24 MP: 4/7
   981 | D:1      | Found a faded altar of an unknown god.
  1086 | D:1      | Learned a level 2 spell: Mercury Vapours
  1090 | D:1      | Learned a level 3 spell: Mephitic Cloud
  1355 | D:2      | Reached skill level 1 in Air Magic
  1516 | D:2      | Noticed Natasha
  1524 | D:2      | Killed Natasha
  1525 | D:2      | Reached XP level 4. HP: 12/30 MP: 3/9
  1661 | D:2      | Found a radiant altar of Vehumet.
  1667 | D:2      | Became a worshipper of Vehumet
  1977 | D:2      | Noticed Natasha
  1984 | D:2      | Killed Natasha
  2045 | D:2      | Learned a level 3 spell: Swiftness
  2184 | D:3      | Found a burning altar of Makhleb.
  2565 | D:3      | Reached XP level 5. HP: 35/35 MP: 4/10
  2638 | D:3      | Found Erynkoux's Jewellery Emporium.
  2807 | D:3      | Reached * piety under Vehumet
  2807 | D:3      | Offered knowledge of Foxfire by Vehumet.
  3132 | D:3      | Found a shimmering blue altar of Sif Muna.
  3309 | D:4      | HP: 1/35 [water moccasin zombie (6)]
  3335 | D:4      | HP: 1/35 [water moccasin zombie (1)]
  3623 | D:4      | Reached skill level 4 in Spellcasting
  3623 | D:4      | Reached XP level 6. HP: 39/41 MP: 7/12
  3792 | D:4      | Found a snail-covered altar of Cheibriados.
  3998 | D:4      | Identified the +4 hammer of Unugy {flame, Fly rF+}
  4003 | D:4      | Found a runed translucent door.
  4004 | D:4      | Noticed Crazy Yiuf
  4121 | D:4      | Reached XP level 7. HP: 41/46 MP: 12/14
  4132 | D:4      | Learned a level 4 spell: Ignite Poison
  4190 | D:4      | Reached ** piety under Vehumet
  4360 | D:4      | Offered knowledge of Scorch by Vehumet.
  4512 | D:4      | Reached skill level 5 in Spellcasting
  4630 | D:4      | Found an ancient bone altar of Kikubaaqudgha.
  4833 | D:5      | Entered Level 5 of the Dungeon
  4994 | D:5      | Offered knowledge of Inner Flame by Vehumet.
  5006 | D:5      | Learned a level 4 spell: Olgreb's Toxic Radiance
  5094 | D:5      | Noticed Edmund
  5120 | D:5      | Reached XP level 8. HP: 38/52 MP: 10/16
  5126 | D:5      | Reached *** piety under Vehumet
  5132 | D:5      | Killed Edmund
  5482 | D:5      | Reached skill level 6 in Spellcasting
  5719 | D:5      | Found a blossoming altar of Fedhas.
  5788 | D:5      | Found a staircase to the Ecumenical Temple.
  6019 | D:6      | Offered knowledge of Iskenderun's Mystic Blast by Vehumet.
  6229 | D:6      | Found the +9 sword of Zonguldrok {reap}
  6649 | D:6      | Found an ornate altar of the Wu Jian Council.
  6751 | D:7      | Reached XP level 9. HP: 36/57 MP: 12/19
  6794 | D:7      | Reached skill level 5 in Alchemy
  6939 | D:7      | Reached skill level 7 in Spellcasting
  7470 | D:7      | Found Pismyo's Assorted Antiques.
  7473 | D:7      | Bought a scroll of teleportation for 75 gold pieces
  7473 | D:7      | Bought a scroll labelled GIAMIKHL NARAG for 25 gold pieces
  7473 | D:7      | Bought a scroll of teleportation for 75 gold pieces
  7528 | D:7      | Reached **** piety under Vehumet
  7532 | D:7      | Reached skill level 5 in Dodging
  7533 | D:7      | Noticed Jeremiah
  7853 | D:7      | Killed Jeremiah
  8003 | D:7      | Offered knowledge of Frozen Ramparts by Vehumet.
  8048 | D:7      | Reached skill level 5 in Conjurations
  8320 | D:7      | Learned a level 4 spell: Sticky Flame
  8348 | D:8      | Noticed Erica
  8532 | D:8      | Killed Erica
  8533 | D:8      | Reached skill level 8 in Spellcasting
  8533 | D:8      | Reached skill level 5 in Air Magic
  8711 | D:8      | Reached XP level 10. HP: 51/63 MP: 19/22
  8765 | D:8      | Noticed Maurice
  8775 | D:8      | Killed Maurice
  9257 | D:9      | Found a bloodstained altar of Trog.
  9259 | D:9      | Found a flagged portal.
  9520 | D:9      | Found a staircase to the Orcish Mines.
 10081 | D:9      | Found a hide-covered altar of Uskayaw.
 10479 | D:10     | Entered Level 10 of the Dungeon
 10550 | D:10     | Reached skill level 9 in Spellcasting
 10560 | D:10     | Reached ***** piety under Vehumet
 10560 | D:10     | Offered knowledge of Eringya's Noxious Bog by Vehumet.
 10724 | D:10     | Found a staircase to the Lair.
 10727 | D:10     | Noticed an oklob plant
 10732 | D:10     | Killed from afar by an oklob plant

Illustrated notes

Levels and vault maps discovered:
D:1:      noname_arrival_rooms_in_the_neighbourhood, layout_basic,
          hellmonk_ecumenical_altar_run_dry
D:2:      layout_basic, basic_altar, uniq_natasha
D:3:      layout_loops_ring, elyvilon_altar_5, kennysheep_orc_sif_temple,
          old_standard_altar, serial_shops,
          nicolae_shop_competitors_out_of_business, minmay_circle_x
D:4:      layout_cave_pools, amcnicky_altar_gilded,
          lemuel_mausoleum_altar_kikubaaqudgha, kennysheep_another_room,
          uniq_crazy_yiuf_cottage
D:5:      layout_loops_ring, tso_oasis_becter, lemuel_coloured_pillars_altar,
          temple_hall, uniq_edmund
D:6:      layout_loops_ring, marbit_many_paths
D:7:      layout_basic, serial_shops, kennysheep_mini_moat, st_stairs_10,
          uniq_jeremiah
D:8:      layout_gridville, uniq_erica, uniq_maurice
D:9:      layout_gridville, mainiacjoe_overflow_catwalk_spiral, orc_0_dummy,
          enter_bailey_2
D:10:     layout_cave_pools, dpeg_oklobed_lair, uniq_joseph, uniq_sonja,
          uniq_gastronok

Skill      XL: |  1  2  3  4  5  6  7  8  9 10 |
---------------+-------------------------------+-----
Conjurations   | 1 2 3 4 5 6 |  6.2
Spellcasting   | 3 4 5 6 8 9 |  9.3
Dodging        | 2 3 4 5 6 |  6.4
Air Magic      | 1 2 3 4 5 6 |  6.1
Alchemy        | 3 4 5 6 |  6.7
Stealth        | |  1.5

Action                     |  1- 3 |  4- 6 |  7- 9 | 10-12 || total
---------------------------+-------+-------+-------+-------++-------
  Melee: Dagger            |     7 |       |       |       ||     7
         Short sword       |       |   112 |       |       ||   112
         Punch             |       |     4 |     2 |     1 ||     7
         Mace              |       |     7 |   144 |       ||   151
         Double sword      |       |       |    80 |    85 ||   165
   Cast: Sting             |    60 |    83 |    59 |       ||   202
         Mephitic Cloud    |       |     5 |    24 |    10 ||    39
    Use: Scroll            |       |       |    10 |     1 ||    11
   Stab: Confused          |       |     8 |     6 |     7 ||    21
         Distracted        |       |     1 |     1 |       ||     2
         Sleeping          |       |       |     4 |       ||     4
 Armour: Robe              |    11 |    85 |   147 |    70 ||   313
  Dodge: Dodged            |    20 |   110 |   172 |    73 ||   375
  Block: Other             |       |       |    23 |    23 ||    46
         Reflection        |       |       |     2 |       ||     2
